 Dungeon Crawl Stone Soup version 0.23.0 (webtiles) character file.

Game seed: 14684748173914627817

18 boba13 the Charmwright (level 2, 0/18 HPs)
             Began as a Gargoyle Skald on Feb 8, 2019.
             Slain by a gnoll
             ... wielding a +0 whip
              (3 damage)
             ... on level 1 of the Dungeon on Feb 15, 2019.
             The game lasted 00:03:43 (657 turns).

boba13 the Charmwright (Gargoyle Skald)              Turns: 657, Time: 00:03:44

Health: 0/18       AC:  6    Str: 14    XL:     2   Next: 70%
Magic:  0/5        EV: 11    Int: 13    God:
Gold:   35         SH:  0    Dex:  9    Spells: 2/5 levels left

rFire    + . .     SeeInvis .   a - +0 falchion
rCold    . . .     Gourm    .   (no shield)
rNeg     + . .     Faith    .   b - +0 leather armour
rPois    ∞         Spirit   .   (no helmet)
rElec    +         Reflect  .   (no cloak)
rCorr    .         Harm     .   (no gloves)
MR       .....                  (no boots)
Stlth    +.........             (no amulet)
HPRegen  0.06/turn              F - ring of protection from fire
MPRegen  0.09/turn              (no ring)

@: infused, very slightly contaminated
A: negative energy resistance 1, electricity resistance, unbreathing,
petrification resistance, rot immunity, AC +2
a: no special abilities


You were on level 1 of the Dungeon.
You were not hungry.

You visited 1 branch of the dungeon, and saw 1 of its levels.

You collected 35 gold pieces.

Inventory:

Hand Weapons
 a - a +0 falchion (weapon)
Missiles
 g - 10 poisoned needles
 Q - 33 stones (quivered)
Armour
 b - a +0 leather armour (worn)
Jewellery
 F - a ring of protection from fire (left hand)
Scrolls
 c - a scroll of noise {unknown}
 e - 2 scrolls of remove curse {unknown}
 f - 3 scrolls of identify {unknown}
 h - a scroll of immolation {unknown}
Comestibles
 d - 2 rations


   Skills:
 * Level 2.5 Fighting
 * Level 2.1 Long Blades
 * Level 1.6 Armour
 - Level 1.5 Dodging
 + Level 2.1 Spellcasting
 + Level 2.7 Charms


You had 2 spell levels left.
You knew the following spells:

 Your Spells              Type           Power        Failure   Level  Hunger
a - Infusion              Chrm           #...         10%         1    ##.....
s - Shroud of Golubria    Chrm/Tloc      #.........   26%         2    ###....

Your spell library contained the following spells:

 Spells                   Type           Power        Failure   Level  Hunger
 Song of Slaying          Chrm           #.......     16%         2    ###....
 Regeneration             Chrm/Necr      #.........   45%         3    ####...
 Spectral Weapon          Hex/Chrm       #.......     45%         3    ####...


Dungeon Overview and Level Annotations

Branches:
Dungeon (1/15)

Altars:


Innate Abilities, Weirdness & Mutations

You are resistant to torment.
Your stone body is resilient. (AC +2)
You are immune to poison.
You resist negative energy. (rN+)
You are resistant to electric shocks. (rElec)
You can survive without breathing.
You are immune to petrification.
You are immune to rotting.


Message History

You begin infusing your attacks with magical energy.
The bat hits you but does no damage. x2
You now have 2/5 mp.
* * * LOW MAGIC WARNING * * *
You hit the bat!
You kill the bat!
You now have 1/5 mp.
You barely miss the gnoll. The gnoll hits you with a +0 whip.
The gnoll hits you with a +0 whip!
Ouch! That really hurt!
* * * LOW HITPOINT WARNING * * *
You take 10 damage, and have 7/18 hp.
MASSIVE DAMAGE!!
You closely miss the gnoll. The gnoll hits you with a +0 whip.
* * * LOW HITPOINT WARNING * * *
You take 4 damage, and have 3/18 hp.
MASSIVE DAMAGE!!
* * * LOW MAGIC WARNING * * *
You hit the gnoll. The gnoll hits you with a +0 whip.
You die...

#.##.## ###
#.###.#### .#
#.## #.##.##..
.#. <#.#
#.#.###.# ...♣
##.##
#.....#.###...#.
##.#
#.........#....♣
#.#
#.###.#.#.......
#.#
#...)....g....#♣
##.#
#...†...@†......
#.##
#.........$#.#.♣
##.#
#.....##...# #
#.##
#..######.## .##
#.. ... ## ....
.... ..... .....
... ..#.#


You could see a gnoll.

Levels and vault maps discovered:
D:1:      dpeg_arrival_solitude, layout_loops_cross, serial_forest,
          infiniplex_forest_clump_tiny, infiniplex_forest_lined_3,
          infiniplex_forest_corner_2, infiniplex_forest_clump_large,
          infiniplex_forest_zigzag_2, infiniplex_forest_clump_medium,
          infiniplex_forest_clump_large

Notes
Turn   | Place    | Note
-------+----------+-------------------------------------------
     0 | D:1      | boba13 the Gargoyle Skald began the quest for the Orb.
     0 | D:1      | Reached XP level 1. HP: 12/12 MP: 3/3
     0 | D:1      | Upgraded the game from 0.23-b1-84-g6588a6b to 0.23.0
   296 | D:1      | Reached skill level 2 in Long Blades
   296 | D:1      | Reached XP level 2. HP: 18/18 MP: 5/5
   298 | D:1      | Identified a +0 club
   394 | D:1      | Identified a ring of protection from fire (You found it on
                  | level 1 of the Dungeon)
   420 | D:1      | Identified a +0 dagger
   510 | D:1      | Identified a +0 club
   556 | D:1      | Learned a level 2 spell: Shroud of Golubria
   633 | D:1      | Identified a cursed -2 dagger
   649 | D:1      | Identified a +0 whip
   656 | D:1      | HP: 3/18 [gnoll/+0 whip (4)]
   657 | D:1      | Slain by a gnoll

Table legend:
 A = Turns spent in this place as a percentage of turns spent in the entire game.
 B = Non-inter-level travel turns spent in this place as a percentage of non-inter-level travel turns spent in the entire game.
 C = Inter-level travel turns spent in this place as a percentage of turns spent in this place.
 D = Turns resting spent in this place as a percentage of non-inter-level travel turns spent in this place.
 E = Turns spent auto-exploring this place as a percentage of non-inter-level travel turns spent in this place.
 F = Non-inter-level travel turns spent in this place divided by the number of levels of this place that you've seen.
                   A       B       C       D       E      F
               +-------+-------+-------+-------+-------+----------------------
         Total | 100.0 | 100.0 |   0.0 |   4.4 |  75.6 | 657.0
       Dungeon | 100.0 | 100.0 |   0.0 |   4.4 |  75.6 | 657.0
               +-------+-------+-------+-------+-------+----------------------

Table legend:
 A = Kills in this place as a percentage of kills in entire the game.
 B = Kills by you in this place as a percentage of kills by you in the entire game.
 C = Kills by friends in this place as a percentage of kills by friends in the entire game.
 D = Other kills in this place as a percentage of other kills in the entire game.
 E = Experience gained in this place as a percentage of experience gained in the entire game.
 F = Experience gained in this place divided by the number of levels of this place that you have seen.
                   A       B       C       D       E      F
               +-------+-------+-------+-------+-------+----------------------
         Total | 100.0 | 100.0 |   N/A |   N/A | 100.0 |  27.0
       Dungeon | 100.0 | 100.0 |   N/A |   N/A | 100.0 |  27.0
               +-------+-------+-------+-------+-------+----------------------

Skill      XL: |  1 |
---------------+----+-----
Long Blades    | 2 |  2.1
Fighting       | |  2.5
Armour         | |  1.6
Dodging        | |  1.5
Spellcasting   | |  2.1
Charms         | |  2.7

Action                   || total
-------------------------++-------
Melee: Falchion          ||    60
 Cast: Infusion          ||     4
Armor: Leather armour    ||    38
Dodge: Dodged            ||    57
       Rpst.: Falchion   ||    16

Vanquished Creatures
  A dart slug (D:1)
  A leopard gecko (D:1)
  A ball python (D:1)
  2 giant cockroaches (D:1)
  A goblin (D:1)
  A hobgoblin (D:1)
  2 kobolds (D:1)
  4 bats (D:1)
  2 frilled lizards (D:1)
  A rat (D:1)
16 creatures vanquished.
